 Dungeon Crawl Stone Soup version 0.32-a0-540-g866d13106e (webtiles) character file.

Game seed: 10347116974858837353

2 Esekla the Sneak (level 1, 13/16 HPs)
             Began as an Octopode Delver on Feb 28, 2024.
             Quit the game on level 5 of the Dungeon.
             The game lasted 00:01:10 (56 turns).

Esekla the Sneak (Octopode Delver)                    Turns: 56, Time: 00:01:11

Health: 13/16      AC:  1    Str: 11    XL:     1   Next: 30%
Magic:  1/1        EV: 13    Int: 12    God:
Gold:   0          SH:  0    Dex: 13    Spells: 0/0 levels left

rFire   . . .        s - +2 dagger (venom)
rCold   . . .        (no shield)
rNeg    . . .        (helmet restricted)
rPois   .            (no amulet)
rElec   .            (no ring)
rCorr   .            (no ring)
SInv    .            (no ring)
Will    .....        (no ring)
Stlth   ++++         (no ring)
HPRegen 0.22/turn    (no ring)
MPRegen 0.07/turn    (no ring)
                     (no ring)

%: no passive effects
@: no status effects
A: almost no armour, amphibious, 8 rings, camouflage 1, gelatinous body 1,
(nimble swimmer 1), tentacles
a: no special abilities


You were on level 5 of the Dungeon.
You visited 1 branch of the dungeon, and saw 1 of its levels.

Inventory:

Hand Weapons
 a - a +0 falchion
 s - a +2 dagger of venom (weapon)
Wands
 f - a wand of digging (3)
Scrolls
 b - a scroll of fog
 d - a scroll of fear
Potions
 e - a potion of haste
 g - a potion of curing {unknown}


   Skills:
 + Level 3.0 Fighting
 + Level 2.0 Long Blades
 + Level 2.0 Dodging
 + Level 6.7 Stealth


You couldn't memorise any spells.
You didn't know any spells.
Your spell library was empty.

Dungeon Overview and Level Annotations

Branches:
Dungeon (5/15)
 Temple: D:4-7

Altars:
Dithmenos


Innate Abilities, Weirdness & Mutations

You cannot wear most types of armour.
You are amphibious.
You can wear up to eight rings at the same time.
Your skin changes colour to match your surroundings (Stealth+).
Your rubbery body absorbs attacks. (AC +1, EV +1)
((You are camouflaged when in or above water. (Stealth+)))
You have tentacles for arms and can constrict up to eight enemies at once.


Message History

Found a stone staircase leading down.
There is a stone staircase leading down here.
There is a stone staircase leading down here.
Found an emerald potion.
Found an escape hatch in the floor.
g - an emerald potion An orc comes into view.
It is wielding a +2 dagger of venom.
An orc comes into view. It is wielding a +0 short sword.
You closely miss the orc. You grab the orc.
You constrict the orc, but do no damage.
The orc barely misses you.
You hit the orc but do no damage. You squeeze the orc.
The orc is heavily wounded.
You constrict the orc.
The orc hits you with a +2 dagger of venom.
You hit the orc but do no damage.
The orc is severely wounded.
You constrict the orc.
The orc hits you with a +2 dagger of venom!
You hit the orc but do no damage.
The orc is almost dead.
You constrict the orc, but do no damage.
The orc closely misses you.
You hit the orc.
You kill the orc!
Things that are here:
a +2 dagger of venom; a +0 chain mail
h - a +2 dagger of venom Your +2 dagger of venom begins to drip with poison!
h - a +2 dagger of venom (weapon)
Adjust (i)tems, (s)pells, or (a)bilities?
h - a +2 dagger of venom (weapon)
Adjust to which letter? (? for menu, Esc to quit)
s - a +2 dagger of venom (weapon)
As you read the scroll of revelation, it crumbles to dust.
You feel aware of your surroundings.
You sensed 1 altar.
Found a stone staircase leading up.
There is an escape hatch in the floor here.
Found a shadowy altar of Dithmenos.
Are you sure you want to abandon this character and quit the game? (Confirm with "yes".)

*,,,,,,,,,,,,,,,............
*,,,,**,,#.**,..#####.......
*,,,,**,,..,,,..............
***,*****,*#.***#.######......
*,,,* *,*#.* #.#######[###.
*,,,**#**,*#.* #.#######.###.
*,,,,,...,,#.* #.#######.###.
*,,,,,PPPP.#.####.#######.###.
**,,,,.......@....>...........
*,,,,PP.P...####.####.##.####
*,,,,...P.#.* #.####.##.####
*,,,,_..P,#.* #.#....##.####
*,,,,...,,#.* #.#+#####.####
*,,,,PP,,,#.* #....####.####
*,,,,.,,,,#.* #.......#.....
*,,,,,,,,,#.* #..<.##.#.....
*,,,,,,,,,*,* *,,,,**.......


There were no monsters in sight!

Vanquished Creatures
  An orc (D:5)
1 creature vanquished.

Notes
Turn   | Place    | Note
-------+----------+-------------------------------------------
     0 | D:5      | Esekla the Octopode Delver began the quest for the Orb.
     0 | D:5      | Reached XP level 1. HP: 16/16 MP: 1/1
    55 | D:5      | Found a shadowy altar of Dithmenos.
    56 | D:5      | Quit the game

Illustrated notes

Levels and vault maps discovered:
D:5:      layout_basic, mainiacjoe_overflow_cross_hatched, uniq_edmund

Action                     || total
---------------------------++-------
  Melee: Falchion          ||     5
         Constrict         ||     1
         Tentacles         ||     1
    Use: Scroll            ||     1
 Armour: Skin              ||     2
  Dodge: Dodged            ||     2

Table legend: (Time is in decaauts)
 A = Elapsed time spent in this place.
 B = Non-inter-level travel time spent in this place.
 C = Inter-level travel time spent in this place.
 D = Time resting spent in this place.
 E = Time spent auto-exploring this place.
 F = Levels seen in this place.
 G = Mean time per level.
                   A        B        C        D        E       F      G
               +--------+--------+--------+--------+--------+-----+--------+
         Total |     56 |     56 |      0 |      0 |      0 |   1 |   56.0 |
       Dungeon |     56 |     56 |      0 |      0 |      0 |   1 |   56.0 |
               +--------+--------+--------+--------+--------+-----+--------+

Top non-repeatable levels by time:
     D:5: 56 daAuts
